 Dungeon Crawl Stone Soup version 0.27-a0-972-gd1521fd518 (webtiles) character file.

Game seed: 12086037679446923261

84 Morbidden the Magician (level 4, -2/32 HPs)
             Began as a Djinni Air Elementalist on Apr 14, 2021.
             Slain by Terence
             ... wielding a +0 flail
              (10 damage)
             ... on level 2 of the Dungeon.
             The game lasted 00:02:47 (2615 turns).

Morbidden the Magician (Djinni Air Elementalist)    Turns: 2615, Time: 00:02:48

Health: -2/32      AC:  2    Str:  8    XL:     4   Next: 46%
Gold:   66         EV: 12    Int: 17    God:
                   SH:  0    Dex: 13

rFire    + + .     SeeInvis +   a - +1 short sword (drain)
rCold    x . .     Faith    .   (no shield)
rNeg     . . .     Spirit   .   c - +0 robe
rPois    ∞         Reflect  .   (no helmet)
rElec    .         Harm     .   (no cloak)
rCorr    +         Rampage  .   (no gloves)
Will     .....                  (boots unavailable)
Stlth    ++........             (no amulet)
HPRegen  0.10/turn              d - ring of see invisible
MPRegen  0.00/turn              g - ring of resist corrosion

@: attractive, flying
A: fire resistance 2, cold vulnerability 1, float, innate caster, hp casting,
extra vitality 1
a: no special abilities


You were on level 2 of the Dungeon.
You visited 1 branch of the dungeon, and saw 2 of its levels.

You collected 66 gold pieces.

Inventory:

Hand Weapons
 a - a +1 short sword of draining (weapon)
Armour
 c - a +0 robe (worn)
Jewellery
 d - a ring of see invisible (left hand)
 g - a ring of resist corrosion (right hand)
Scrolls
 b - a scroll of fog {unknown}
 f - a scroll of amnesia {unknown}
 i - 2 scrolls of identify {unknown}
 j - a scroll of fear {unknown}
Potions
 e - a potion of attraction
 h - a potion of magic {unknown}
 k - a potion of haste {unknown}


   Skills:
 * Level 1.0 Fighting
 + Level 0.4 Short Blades
 + Level 2.5 Dodging
 + Level 1.7 Stealth
 * Level 4.0 Spellcasting


You couldn't memorise any spells.
You knew the following spells:

 Your Spells              Type           Power      Damage    Failure   Level
a - Shock                 Conj/Air       68%        1d7       3%          1
b - Swiftness             Air            17%        N/A       4%          2
d - Airstrike             Air            8%         N/A       30%         4
e - Lightning Bolt        Conj/Air       8%         1d21      63%         5
f - Foxfire               Conj/Fire      68%        2x1d7     3%          1
z - Static Discharge      Conj/Air       17%        N/A       9%          3
Your spell library was empty.

Dungeon Overview and Level Annotations

Branches:
Dungeon (2/15)

Altars:

Annotations:
D:2 Terence


Innate Abilities, Weirdness & Mutations

You are immune to poison.
Your flesh is very heat resistant. (rF++)
You are vulnerable to cold. (rC-)
You float through the air rather than walking.
You learn spells naturally, not from books.
Your magical power is your life essence.
You have superior vitality. (+4 HP)


Message History

The zap hits Terence but does no damage.
Terence is heavily wounded.
The zap hits Terence.
Terence is heavily wounded.
Terence barely misses you.
Casting: Shock (safe; 3% risk of failure)
Confirm with . or Enter, or press ? or * to list all spells.
Aiming: Shock (safe; 3% risk of failure)
Press: ? - help, Shift-Dir - straight line The zap hits Terence but does no damage.
Terence is heavily wounded.
The zap misses Terence.
Terence hits you with a +0 flail.
* * * LOW HITPOINT WARNING * * *
Unknown command.
Casting: Shock (safe; 3% risk of failure)
Confirm with . or Enter, or press ? or * to list all spells.
Aiming: Shock (safe; 3% risk of failure)
Press: ? - help, Shift-Dir - straight line The zap hits Terence but does no damage.
Terence is heavily wounded.
The zap hits Terence.
Terence is severely wounded.
* * * LOW HITPOINT WARNING * * *
Terence closely misses you.
Unknown command.
Unknown command.
Unknown command.
Unknown command.
Unknown command.
It was a potion of attraction.
You feel attractive to monsters. Terence closely misses you.
Unknown command.
Terence barely misses you.
You see here 21 stones.
Found 20 stones.
Terence is pulled toward you!
Terence says, "Time to say good-bye..."
Terence hits you with a +0 flail!
You die...

###.###.....
.....#.....
#...#.....
#...#.....
#...#.....
###.......
#######.# #.#.....
#(....(.# #.#.....
#@# #.####.#
#@#########.#....#
#...(.......##.###
#############....#
#....# #....#
#....# #....#
##.###


You could see Terence.

Vanquished Creatures
  A gnoll (D:1)
  An adder (D:2)
  2 dart slugs
  3 orcs (D:2)
  7 ball pythons
  4 bats
  3 endoplasms (D:1)
  5 giant cockroaches
  5 goblins
  3 hobgoblins (D:1)
  6 kobolds
  8 quokkas
  3 frilled lizards (D:1)
  2 rats (D:1)
53 creatures vanquished.

Notes
Turn   | Place    | Note
-------+----------+-------------------------------------------
     0 | D:1      | Morbidden the Djinni Air Elementalist began the quest for
                  | the Orb.
     0 | D:1      | Reached XP level 1. HP: 15/15 MP: 0/0
   160 | D:1      | Reached skill level 3 in Spellcasting
   160 | D:1      | Reached XP level 2. HP: 11/21 MP: 0/0
   806 | D:1      | Reached XP level 3. HP: 23/26 MP: 0/0
   806 | D:1      | Learned a level 1 spell: Foxfire
  1763 | D:2      | Reached XP level 4. HP: 23/31 MP: 0/0
  1856 | D:2      | Reached skill level 1 in Fighting
  2563 | D:2      | Reached skill level 4 in Spellcasting
  2588 | D:2      | Noticed Terence
  2615 | D:2      | Slain by Terence

Illustrated notes

Levels and vault maps discovered:
D:1:      mainiacjoe_arrival_reflecting_pool, layout_basic, minmay_ruptured
D:2:      layout_basic, minmay_misc_feat_enclosed, columned_hall_lemuel,
          uniq_terence

Skill      XL: |  1  2  3  4 |
---------------+-------------+-----
Spellcasting   | 3 4 |  4.0
Fighting       | 1 |  1.0
Short Blades   | |  0.4
Dodging        | |  2.5
Stealth        | |  1.7

Action                   |  1- 3 |  4- 6 || total
-------------------------+-------+-------++-------
Melee: Short sword       |    11 |       ||    11
 Cast: Shock             |    78 |    44 ||   122
  Use: Potion            |       |     1 ||     1
 Stab: Sleeping          |     1 |       ||     1
Armor: Robe              |     6 |     1 ||     7
Dodge: Dodged            |    14 |     5 ||    19

Table legend: (Time is in decaauts)
 A = Elapsed time spent in this place.
 B = Non-inter-level travel time spent in this place.
 C = Inter-level travel time spent in this place.
 D = Time resting spent in this place.
 E = Time spent auto-exploring this place.
 F = Levels seen in this place.
 G = Mean time per level.
                   A        B        C        D        E       F      G
               +--------+--------+--------+--------+--------+-----+--------+
         Total |   2613 |   2557 |     56 |     78 |   2253 |   2 | 1306.5 |
       Dungeon |   2613 |   2557 |     56 |     78 |   2253 |   2 | 1306.5 |
               +--------+--------+--------+--------+--------+-----+--------+

Top non-repeatable levels by time:
     D:1: 1534 daAuts
     D:2: 1079 daAuts
